 Dungeon Crawl Stone Soup version 0.32-a0-132-g2d33c3cfaf (webtiles) character file.

Game seed: 6156120094333235104

91 Jannitor the Trooper (level 4, -3/50 HPs)
             Began as an Oni Chaos Knight on Feb 9, 2024.
             Was a Plaything of Xom.
             Slain by a hobgoblin (6 damage)
             ... led by Robin
             ... on level 3 of the Dungeon.
             The game lasted 00:02:57 (2102 turns).

Jannitor the Trooper (Oni Chaos Knight)             Turns: 2102, Time: 00:02:58

Health: -3/50      AC:  5    Str: 22    XL:     4   Next: 57%
Magic:  4/4        EV: 10    Int: 12    God:    Xom [..*...]
Gold:   112        SH:  0    Dex:  7    Spells: 3/3 levels left

rFire   . . .        a - +0 mace (chaos)
rCold   . . .        (no shield)
rNeg    . . .        b - +2 robe
rPois   .            (helmet restricted)
rElec   .            (no cloak)
rCorr   .            (gloves unavailable)
SInv    .            (boots unavailable)
Will    +....        (no amulet)
Stlth   +            (no ring)
HPRegen 0.28/turn    (no ring)
MPRegen 0.09/turn

%: no passive effects
@: mighty
A: large, unfitting armour, horns 1, tough skin 1, double potion healing,
drunken brawling, strong-willed 1, strong 1, MP-powered wands
a: Renounce Religion


You were on level 3 of the Dungeon.
You worshipped Xom.
You were a toy of Xom.
You visited 1 branch of the dungeon, and saw 3 of its levels.

You collected 112 gold pieces.

Inventory:

Hand Weapons
 a - a +0 mace of chaos (weapon)
Armour
 b - a +2 robe (worn)
Jewellery
 h - a ring of protection from fire
Scrolls
 c - a scroll of butterflies
 e - 2 scrolls of identify {unknown}


   Skills:
 + Level 5.2 Fighting
 + Level 3.8 Maces & Flails
 + Level 3.0 Dodging


You had 3 spell levels left.
You didn't know any spells.
Your spell library contained the following spells:

 Spells                   Type           Power      Damage    Failure   Level
 Tukima's Dance           Hex            0%         N/A       69%         3
 Passage of Golubria      Tloc           0%         N/A       97%         4
 Yara's Violent Unravell  Hex/Alch       0%         3d3       100%        5


Dungeon Overview and Level Annotations

Branches:
Dungeon (3/15)

Altars:

Annotations:
D:2 Sigmund
D:3 1 runed translucent door, Bapho's ghost, amateur DrSh


Innate Abilities, Weirdness & Mutations

You are too large for most types of armour.
You have a pair of small horns on your head.
You have tough skin. (AC +1)
You gain doubled healing and magic from potions.
Whenever you drink a healing potion, you attack all around you.
You are strong-willed. (Will+)
Your muscles are strong. (Str +4, Int/Dex -1)
You expend magic power (3 MP) to strengthen your wands.


Message History

The goblin hits you but does no damage.
You hit Robin. You freeze Robin. Your punch misses Robin.
Robin is severely wounded.
The hobgoblin hits you but does no damage. x2
Robin flexes a bicep menacingly.
Robin throws the goblin at you! The goblin hits you with a +0 club.
The goblin barely misses you.
You hit Robin. You burn Robin.
You kill Robin!
The goblin hits you with a +0 dagger. The hobgoblin barely misses you.
The hobgoblin closely misses you. The goblin completely misses you.
You are too injured to fight recklessly!
You are too injured to fight recklessly!
You are too injured to fight recklessly!
You are too injured to fight recklessly!
Unknown command.
It was a potion of mutation.
You feel extremely strange.
You feel strong-willed.
You feel your magical essence link to the dungeon's wands.
You feel stronger. The goblin hits you with a +0 dagger.
The hobgoblin hits you. The goblin hits you with a +0 club.
* * * LOW HITPOINT WARNING * * *
The hobgoblin hits you.
* * * LOW HITPOINT WARNING * * *
Unknown command.
Unknown command.
It was a potion of might.
You feel very mighty all of a sudden. The goblin hits you but does no damage.
The hobgoblin misses you. The hobgoblin closely misses you.
The goblin barely misses you.
You completely miss the goblin. You headbutt the goblin.
You kill the goblin!
The hobgoblin barely misses you. x2; The goblin barely misses you.
The goblin hits you with a +0 club.
* * * LOW HITPOINT WARNING * * *
The hobgoblin hits you.
* * * LOW HITPOINT WARNING * * *
The hobgoblin hits you.
You die...

..................###'#..
.?.......................
.........................
...ggg......###..........
..g.####....# #..........
. #....# #..........
#g...# #######'#'# #g)..#
#.)†. #@g..# ###)# #g)..#
#.# #.)..# #.. #....# ###
#....# #.. #....# #.#
###### #.# #.# #.#


You could see 2 hobgoblins and 2 goblins.

Vanquished Creatures
  Robin (D:3)
  3 dart slugs
  4 orcs (D:3)
  4 endoplasms (D:1)
  A giant cockroach (D:3)
  9 goblins
  A hobgoblin (D:1)
  3 jackals (D:3)
  7 kobolds
  2 quokkas
  8 ball pythons
  11 bats
  4 frilled lizards
  5 rats
63 creatures vanquished.

Vanquished Creatures (collateral kills)
  2 rats (D:1)
2 creatures vanquished.

Grand Total: 65 creatures vanquished

Notes
Turn   | Place    | Note
-------+----------+-------------------------------------------
     0 | D:1      | Jannitor the Oni Chaos Knight began the quest for the Orb.
     0 | D:1      | Reached XP level 1. HP: 24/24 MP: 1/1
    40 | D:1      | Found a faded altar of an unknown god.
   228 | D:1      | Reached XP level 2. HP: 30/32 MP: 2/2
   365 | D:1      | Reached XP level 3. HP: 36/40 MP: 3/3
  1144 | D:2      | XOM: divination: magic mapping
  1224 | D:2      | XOM is BORED!
  1224 | D:2      | XOM: silly message
  1313 | D:2      | Noticed Sigmund
  1490 | D:2      | XOM: potion effect (haste)
  1653 | D:3      | Reached skill level 5 in Fighting
  1661 | D:3      | Reached XP level 4. HP: 48/50 MP: 4/4
  1727 | D:3      | Found a runed translucent door.
  1732 | D:3      | Noticed Bapho's ghost (amateur DrSh)
  2029 | D:3      | XOM: silly message
  2035 | D:3      | XOM: divination: detect creatures
  2069 | D:3      | XOM: divination: detect items
  2089 | D:3      | Noticed Robin
  2099 | D:3      | Killed Robin
  2100 | D:3      | Gained mutation: You are strong-willed. (Will+) [potion of
                  | mutation]
  2100 | D:3      | Gained mutation: You expend magic power (3 MP) to
                  | strengthen your wands. [potion of mutation]
  2100 | D:3      | Gained mutation: Your muscles are strong. (Str +4, Int/Dex
                  | -1) [potion of mutation]
  2102 | D:3      | Slain by a hobgoblin

Illustrated notes

Levels and vault maps discovered:
D:1:      sevenhm_arrival_forest_fort_small_6, layout_basic,
          basic_ecumenical_altar, corexii_leaking_fountain
D:2:      layout_basic, minmay_misc_feat_hallway, uniq_sigmund
D:3:      layout_basic, ebering_ghost_sewer_d, serial_shops, shop, uniq_robin

Skill      XL: |  1  2  3  4 |
---------------+-------------+-----
Fighting       | 5 |  5.2
Dodging        | 3 |  3.0
Maces & Flails | |  3.8

Action                     |  1- 3 |  4- 6 || total
---------------------------+-------+-------++-------
  Melee: Mace              |    93 |    50 ||   143
         Headbutt          |    14 |     8 ||    22
         Punch             |     2 |     1 ||     3
    Use: Scroll            |     2 |       ||     2
         Potion            |       |     2 ||     2
   Stab: Sleeping          |     1 |       ||     1
 Armour: Robe              |    66 |    60 ||   126
  Dodge: Dodged            |    63 |    35 ||    98

Table legend: (Time is in decaauts)
 A = Elapsed time spent in this place.
 B = Non-inter-level travel time spent in this place.
 C = Inter-level travel time spent in this place.
 D = Time resting spent in this place.
 E = Time spent auto-exploring this place.
 F = Levels seen in this place.
 G = Mean time per level.
                   A        B        C        D        E       F      G
               +--------+--------+--------+--------+--------+-----+--------+
         Total |   2116 |   2015 |    101 |      0 |   1455 |   3 |  705.3 |
       Dungeon |   2116 |   2015 |    101 |      0 |   1455 |   3 |  705.3 |
               +--------+--------+--------+--------+--------+-----+--------+

Top non-repeatable levels by time:
     D:2: 982 daAuts
     D:1: 732 daAuts
     D:3: 402 daAuts
